[Event "ICCopen2016"]
[Site "Internet Chess Club"]
[Date "2016.06.04"]
[Round "11"]
[White "HungryFarseer"]
[Black "Panesso"]
[Result "1-0"]
[ICCResult "Black forfeits on time"]
[WhiteElo "1853"]
[BlackElo "2270"]
[Opening "King's Indian: Sämisch, Panno formation"]
[ECO "E83"]
[NIC "KI.53"]
[Time "15:55:15"]
[TimeControl "180+0"]

1. d4 Nf6 2. c4 g6 3. f3 Bg7 4. e4 d6 5. Nc3 a6 6. Be3 Nc6 7. Nge2 O-O 8.
Qd2 Na5 9. Nc1 Nd7 10. Be2 c5 11. O-O cxd4 12. Bxd4 Ne5 13. b3 Nac6 14. Be3
b5 15. cxb5 axb5 16. Bxb5 Qa5 17. N1e2 Ba6 18. Bxa6 Rxa6 19. a4 Rb8 20. Rab1
Nb4 21. Nb5 Rc8 22. Rfc1 Rac6 23. Rxc6 Rxc6 24. Ned4 Rc8 25. Rc1 Rc5 26.
Rxc5 dxc5 27. Nc2 Ned3 28. Nxb4 Qxb4 29. Qxb4 Nxb4 30. Bxc5 Na6 31. Bxe7 Bb2
32. Kf2 f5 33. exf5 Kf7 34. Ba3 gxf5 35. Bxb2 Ke6 36. Bd4 Kd5 37. Ke3 Nb4
38. g4 Nc2+ 39. Kd3 Nb4+ 40. Kc3 Na6 41. b4 fxg4 42. fxg4 Nb8 43. Kd3 Nd7
44. Nc3+ Kd6 45. Ne4+ Kd5 46. b5 Nb8 47. Nc3+ Ke6 48. a5 Kd6 49. a6 Nd7 50.
a7 Kc7 51. a8=Q Kd6 52. Qc6+ Ke7 53. b6 Ke8 54. Bc5 {Black forfeits on time}
1-0

[Event "ICCopen2016"]
[Site "Internet Chess Club"]
[Date "2016.06.04"]
[Round "11"]
[White "nevidimka"]
[Black "ShadowLike"]
[Result "1-0"]
[ICCResult "Black forfeits on time"]
[WhiteElo "2099"]
[BlackElo "2023"]
[Opening "Queen's pawn: Torre attack"]
[ECO "A45"]
[NIC "QP.04"]
[Time "15:56:01"]
[TimeControl "180+0"]

1. d4 Nf6 2. Bg5 e6 3. Nf3 c5 4. e3 Nc6 5. c3 cxd4 6. exd4 Be7 7. Nbd2 d6 8.
Bd3 e5 9. dxe5 dxe5 10. Qc2 h6 11. Bh4 O-O 12. O-O Bg4 13. Rfe1 Rc8 14. Bf5
Nb4 15. Qb1 Bxf5 16. Qxf5 Nd3 17. Reb1 e4 18. Nxe4 Nxe4 19. Qxe4 Bxh4 20.
Qxh4 Qxh4 21. Nxh4 Rfe8 22. Kf1 b5 23. Nf5 b4 24. Nd6 bxc3 25. bxc3 Red8 26.
Nxc8 Rxc8 27. a4 Rxc3 28. Ra2 a5 29. g3 Nb4 30. Raa1 Kh7 31. Rc1 Rb3 32. Rc5
Nd3 33. Rxa5 Rb2 34. Rf5 Kg6 35. Rf3 Rd2 36. a5 f5 37. a6 Ne5 38. Re3 Nc6
39. Re6+ Kg5 40. Rxc6 Kg4 41. Kg2 f4 42. h3+ Kh5 43. Ra5+ g5 44. g4+
{Black forfeits on time}
1-0

[Event "ICCopen2016"]
[Site "Internet Chess Club"]
[Date "2016.06.04"]
[Round "11"]
[White "Hell-Rell"]
[Black "Chanikya"]
[Result "0-1"]
[ICCResult "White resigns"]
[WhiteElo "2207"]
[BlackElo "2681"]
[Opening "KP: Nimzovich defense"]
[ECO "B00"]
[NIC "VO.05"]
[Time "15:58:55"]
[TimeControl "180+0"]

1. e4 Nc6 2. Nf3 d6 3. Bb5 Nf6 4. Nc3 Bg4 5. h3 Bh5 6. O-O a6 7. Be2 e5 8.
d3 Be7 9. Bg5 h6 10. Bxf6 Bxf6 11. Nd5 Bxf3 12. Bxf3 O-O 13. c3 g6 14. Qd2
Bg7 15. Rad1 Nb8 16. Rfe1 c6 17. Ne3 Nd7 18. Qc2 f5 19. exf5 gxf5 20. Nc4 d5
21. Ne3 e4 22. dxe4 fxe4 23. Bg4 Ne5 24. Be6+ Kh8 25. Bf5 Qg5 26. Bg4 h5 27.
Be2 Rxf2 28. Kxf2 Rf8+ 29. Kg1 Qxe3+ 30. Kh1 Ng6 31. Bxh5 Qg3 32. Bxg6 Be5
{White resigns}
0-1

[Event "ICCopen2016"]
[Site "Internet Chess Club"]
[Date "2016.06.04"]
[Round "11"]
[White "Johndenver"]
[Black "hedgie"]
[Result "0-1"]
[ICCResult "White resigns"]
[WhiteElo "1808"]
[BlackElo "2035"]
[Opening "Old Benoni defense"]
[ECO "A43"]
[NIC "OI.09"]
[Time "15:56:58"]
[TimeControl "180+0"]

1. d4 c5 2. e3 e6 3. c4 b6 4. Nc3 Bb7 5. Nf3 d6 6. Be2 Be7 7. O-O Nf6 8. b3
O-O 9. Bb2 a6 10. dxc5 bxc5 11. Qd2 Nc6 12. Rfd1 Qc7 13. Rac1 Rad8 14. Qc2
Rfe8 15. Qb1 d5 16. cxd5 exd5 17. Na4 Ne4 18. Rxd5 Rxd5 19. Qxe4 Nb4 20. Qg4
g6 21. a3 Nd3 22. Bxd3 Rxd3 23. Ne5 Rxb3 24. Qc4 Rxb2 25. Nxf7 Rd2 26. Nd6+
Bd5 27. Nxe8 Bxc4 28. Nxc7 Bb3 29. Nb6 c4 30. Ncd5 Bxa3 31. h3 Bxc1
{White resigns}
0-1

[Event "ICCopen2016"]
[Site "Internet Chess Club"]
[Date "2016.06.04"]
[Round "11"]
[White "Mandragora"]
[Black "jbow79"]
[Result "0-1"]
[ICCResult "White resigns"]
[WhiteElo "1513"]
[BlackElo "979"]
[Opening "Scandinavian (center counter) defense"]
[ECO "B01"]
[NIC "VO.17"]
[Time "15:58:59"]
[TimeControl "180+0"]

1. e4 d5 2. exd5 Qxd5 3. Nf3 Qd8 4. Bc4 Nf6 5. O-O e6 6. d4 Be7 7. c3 O-O 8.
Bg5 Nbd7 9. Nbd2 Nb6 10. Bb3 Bd7 11. Bc2 Bc6 12. Ne5 Nbd5 13. Nxc6 bxc6 14.
Nf3 Rb8 15. b3 Nxc3 16. Qd3 Ncd5 17. Bxf6 Nxf6 18. g4 g6 19. Ne5 Bd6 20.
Nxc6 Bxh2+ 21. Kg2 Qd6 22. Ne7+ Kg7 23. Nf5+ exf5 24. gxf5 Nh5 25. Rh1 Nf4+
{White resigns}
0-1

[Event "ICCopen2016"]
[Site "Internet Chess Club"]
[Date "2016.06.04"]
[Round "11"]
[White "marwan100"]
[Black "d13gocr"]
[Result "0-1"]
[ICCResult "White forfeits on time"]
[WhiteElo "1577"]
[BlackElo "1767"]
[Opening "Queen's pawn game"]
[ECO "D04"]
[NIC "QP.08"]
[Time "15:55:15"]
[TimeControl "180+0"]

1. d4 d5 2. Nf3 Nf6 3. e3 c5 4. b3 cxd4 5. exd4 Bg4 6. Bb2 e6 7. Nbd2 Bb4 8.
Be2 O-O 9. O-O Nc6 10. h3 Bh5 11. a3 Ba5 12. Ne5 Bxe2 13. Qxe2 Bb6 14. Ndf3
Ne4 15. c4 Rc8 16. c5 Bc7 17. b4 a6 18. Nxc6 bxc6 19. Ne5 Qe8 20. Qxa6 Bxe5
21. dxe5 Nd2 22. Rfd1 Nc4 23. Bd4 Qd7 24. Qa4 Qc7 25. Re1 Nd2 26. Qc2 Ne4
27. Rxe4 dxe4 28. Qxe4 Rfd8 29. f4 Rd5 30. Bf2 Rcd8 31. a4 Qb7 32. Rb1 Qa6
33. b5 Qxa4 34. Qxa4 cxb5 35. Rxb5 h6 36. c6 Rd1+ 37. Kh2 R1d2 38. Bc5 Rc2
39. Bd6 Rc8 40. Qxc2 g6 41. c7 Kg7 42. Rb8 Rxc7 43. Bxc7 g5 44. fxg5 hxg5
45. Qd2 Kg6 46. h4 f6 47. exf6 gxh4 48. Qf4 e5 49. Qxe5 h3 50. Rg8+ Kf7 51.
Qe8+ Kxf6 52. Qe5+ Kf7 53. Rg5 hxg2 54. Rf5+ Kg6 55. Qf6+ Kh7 56. Rh5+ Kg8
{White forfeits on time}
0-1

[Event "ICCopen2016"]
[Site "Internet Chess Club"]
[Date "2016.06.04"]
[Round "11"]
[White "muhit"]
[Black "luckypawns"]
[Result "0-1"]
[ICCResult "White forfeits on time"]
[WhiteElo "1747"]
[BlackElo "1639"]
[Opening "Queen's pawn"]
[ECO "A40"]
[NIC "QO.17"]
[Time "15:55:50"]
[TimeControl "180+0"]

1. d4 a5 2. c4 b6 3. e4 Bb7 4. f3 e6 5. Bd3 Nf6 6. Ne2 Be7 7. Nbc3 O-O 8.
O-O d5 9. e5 Nfd7 10. b3 f6 11. f4 fxe5 12. fxe5 Bg5 13. cxd5 Bxc1 14. Qxc1
exd5 15. Nf4 Qh4 16. Qe3 c5 17. g3 Qh6 18. Rae1 cxd4 19. Qxd4 Nc5 20. Ncxd5
Nxd3 21. Qxd3 Nc6 22. e6 Rae8 23. e7 Rf7 24. Qb5 Qd6 25. Qxb6 Rfxe7 26.
Nxe7+ Rxe7 27. Rxe7 Qxe7 28. Qf2 Qd7 29. Ne6 h6 30. Qf8+ Kh7 31. Qf5+ Kg8
32. Qf8+ Kh7 33. Qf5+ Kg8 34. h4 Nd4 35. Nxd4 Qxd4+ 36. Kh2 Be4 37. Qf7+ Kh7
38. Rf2 Bd5 39. Qf5+ Kg8 40. Qc8+ Kh7 41. Qc2+ Be4 42. Qc8 Qxf2+ 43. Kh3
Bf5+ 44. Qxf5+ Qxf5+ {White forfeits on time} 0-1

[Event "ICCopen2016"]
[Site "Internet Chess Club"]
[Date "2016.06.04"]
[Round "11"]
[White "marianzaim"]
[Black "Sc6"]
[Result "1-0"]
[ICCResult "Black forfeits on time"]
[WhiteElo "1934"]
[BlackElo "1807"]
[Opening "English, 1...Nf6 (Anglo-Indian defense)"]
[ECO "A15"]
[NIC "EO.64"]
[Time "15:56:54"]
[TimeControl "180+0"]

1. c4 Nf6 2. g3 g6 3. Bg2 Bg7 4. Nf3 O-O 5. O-O d6 6. Nc3 e5 7. d3 c6 8. c5
Qc7 9. cxd6 Qxd6 10. a3 Bg4 11. Qc2 Nbd7 12. b4 Rfe8 13. Bb2 a5 14. b5 c5
15. Nd2 Rab8 16. Nc4 Qe7 17. Nxa5 Nh5 18. Nxb7 Ndf6 19. Na5 Qe6 20. Nc6 Rbc8
21. a4 Bh3 22. Rfe1 Bxg2 23. Kxg2 Qg4 24. Bc1 Nf4+ 25. Kh1 Nh3 26. f3 Qh5
27. Kg2 Bh6 28. Rh1 Ng5 29. Bxg5 Bxg5 30. h4 Be3 31. Ne4 Nxe4 32. dxe4 f5
33. Qc4+ Kg7 34. Rad1 fxe4 35. Qxe4 Rf8 36. g4 Qh6 37. Rd7+ Rf7 38. Rxf7+
Kxf7 39. g5 Bxg5 40. hxg5 Qxg5+ 41. Kf2 Re8 42. Rxh7+ Kg8 43. Rh4 Rf8 44.
Rg4 {Black forfeits on time} 1-0

[Event "ICCopen2016"]
[Site "Internet Chess Club"]
[Date "2016.06.04"]
[Round "11"]
[White "mirpele-murpele"]
[Black "pablopizarro"]
[Result "1-0"]
[ICCResult "Black forfeits on time"]
[WhiteElo "2661"]
[BlackElo "1930"]
[Opening "Sicilian: Pelikan, Bird variation"]
[ECO "B33"]
[NIC "SI.36"]
[Time "15:57:59"]
[TimeControl "180+0"]

1. e4 c5 2. Nf3 Nc6 3. d4 cxd4 4. Nxd4 Nf6 5. Nc3 e5 6. Ndb5 d6 7. Bg5 a6 8.
Na3 Be6 9. Nc4 Rc8 10. Nd5 Be7 11. Bxf6 gxf6 12. Ncb6 Rb8 13. Bd3 h5 14. O-O
h4 15. c3 h3 16. g3 Bf8 17. Qf3 Bg7 18. Rad1 Rh6 19. Bc2 Ne7 20. Bb3 Nxd5
21. Nxd5 Qd7 22. Nb6 Qc7 23. Qe3 Rh5 24. f4 f5 25. exf5 Rxf5 26. Bxe6 fxe6
27. g4 Rf7 28. f5 exf5 29. gxf5 Bf6 30. Nd5 Rg7+ 31. Kh1 Qc6 32. Qxh3 Kd7
33. Qf3 Rf8 34. c4 Kc8 35. b3 Kb8 36. Rg1 Rh7 37. Rg6 Rfh8 38. Rxf6 Rxh2+
39. Kg1 Rh1+ 40. Qxh1 Rxh1+ 41. Kxh1 e4 42. Re6 Qc5 43. Rxe4 Qf2 44. Rf4 Qe2
45. Rdf1 Qh5+ 46. Kg2 Qg5+ 47. Kf3 Qh5+ 48. Kg2 Qe2+ 49. Kg3
{Black forfeits on time}
1-0

[Event "ICCopen2016"]
[Site "Internet Chess Club"]
[Date "2016.06.04"]
[Round "11"]
[White "Tova77"]
[Black "leonardoalmeida"]
[Result "0-1"]
[ICCResult "White forfeits on time"]
[WhiteElo "1630"]
[BlackElo "1750"]
[Opening "Scandinavian (center counter) defense"]
[ECO "B01"]
[NIC "SD.01"]
[Time "15:58:49"]
[TimeControl "180+0"]

1. e4 d5 2. exd5 Qxd5 3. Nc3 Qa5 4. d4 c6 5. Nf3 Bg4 6. Bc4 e6 7. O-O Nf6 8.
Bd2 Qc7 9. h3 Bh5 10. Re1 Nbd7 11. Bg5 Be7 12. Qd2 O-O 13. Ne5 Nxe5 14. dxe5
Nd5 15. Nxd5 cxd5 16. Bd3 Bxg5 17. Qxg5 Bg6 18. Bxg6 hxg6 19. c3 Rac8 20. h4
Qb6 21. h5 gxh5 22. Qxh5 Qxb2 23. Rab1 Qxc3 24. Re3 Qc2 25. Rbe1 Qg6 26.
Qxg6 fxg6 27. Rb3 b6 28. Re2 Rc5 29. Rg3 Kh7 30. Rh3+ Kg8 31. Rg3 Kf7 32.
Rf3+ Ke7 33. Rg3 Rc1+ 34. Kh2 Rh8+ 35. Rh3 Rxh3+ 36. Kxh3 Rc4 37. g3 g5 38.
Rb2 Kd7 39. Kg2 g4 40. Kf1 Re4 41. Rb3 Rxe5 42. Ra3 a5 43. Ra4 Re4 44. Ra3
Rc4 45. Rb3 Kc6 46. Ke2 e5 47. Kd3 e4+ 48. Ke3 Kc5 49. Kf4 a4 50. Rb2 b5 51.
Kxg4 e3+ 52. Kf3 exf2 {White forfeits on time} 0-1

[Event "ICCopen2016"]
[Site "Internet Chess Club"]
[Date "2016.06.04"]
[Round "11"]
[White "onti"]
[Black "HPG1947"]
[Result "1-0"]
[ICCResult "Black forfeits on time"]
[WhiteElo "1377"]
[BlackElo "1648"]
[Opening "King's pawn opening"]
[ECO "B07"]
[NIC "VO.17"]
[Time "15:59:00"]
[TimeControl "180+0"]

1. e4 d6 2. f4 Nf6 3. Nc3 c5 4. Nf3 Nc6 5. Bc4 e6 6. O-O Nxe4 7. d3 Nxc3 8.
bxc3 Be7 9. d4 Qa5 10. Bd2 O-O 11. d5 b5 12. Bd3 exd5 13. Ng5 Bxg5 14. fxg5
c4 15. Bf5 Ne5 16. Qh5 g6 17. Bxg6 hxg6 18. Qh4 Qb6+ 19. Kh1 Bf5 20. Rxf5
gxf5 21. Qf4 Ng4 22. Rf1 Rae8 23. h3 Ne3 24. Bxe3 Qxe3 25. Qxf5 Qe4 26. Qf6
Re6 27. Qf2 Qe2 28. Qf5 Qe4 29. Qf2 Qg6 30. Qh4 Re5 31. Rf6 Qxg5 32. Qxg5+
Rxg5 33. Rxd6 {Black forfeits on time} 1-0

[Event "ICCopen2016"]
[Site "Internet Chess Club"]
[Date "2016.06.04"]
[Round "4"]
[White "d13gocr"]
[Black "kvicc"]
[Result "0-1"]
[ICCResult "White forfeits on time"]
[WhiteElo "1778"]
[BlackElo "2207"]
[Opening "Owen defense"]
[ECO "B00"]
[NIC "VO.01"]
[Time "14:34:16"]
[TimeControl "180+0"]

1. e4 b6 2. d4 Bb7 3. Nc3 e6 4. Bd3 Bb4 5. Ne2 Nf6 6. O-O O-O 7. Bg5 Be7 8.
Qd2 d5 9. e5 Nfd7 10. Bxe7 Qxe7 11. f4 c5 12. f5 exf5 13. Bxf5 cxd4 14. Nxd4
Nxe5 15. Rae1 g6 16. Bh3 Ba6 17. Rf4 Qd6 18. Ndb5 Bxb5 19. Nxb5 Qc5+ 20. Kh1
Nc4 21. Rxc4 dxc4 22. Nd4 Nc6 23. Nf3 Rad8 24. Qh6 Qh5 25. Qf4 b5 26. Qf6
Nb4 27. Ne5 Nxc2 28. Rf1 Ne3 29. Re1 Nd5 30. Qf2 Rde8 31. Nc6 Rxe1+ 32. Qxe1
Qg5 33. g3 a6 34. Bg2 Qe3 35. Qf1 Qe6 36. Bxd5 Qxd5+ 37. Qg2 Qxg2+ 38. Kxg2
Rc8 39. Ne7+ Kf8 40. Nxc8 a5 41. Nb6 b4 42. Nd5 c3 43. bxc3 bxc3 44. Nxc3
Ke7 45. Kf3 Kd6 46. Ke3 Kc5 47. Kd3 Kb4 48. Kc2 Ka3 49. Kb1 a4 50. Kc2 Kb4
51. Kd3 a3 52. Kd4 f5 {White forfeits on time} 0-1